 Dungeon Crawl Stone Soup version 0.21.1-1-g345015f (webtiles) character file.

45 sankara the Shield-Bearer (level 3, -8/26 HPs)
             Began as a Halfling Fighter on Feb 17, 2018.
             Mangled by Sigmund
             ... wielding a +0 scythe
              (9 damage)
             ... on level 2 of the Dungeon.
             The game lasted 00:04:55 (1160 turns).

sankara the Shield-Bearer (Halfling Fighter)        Turns: 1160, Time: 00:04:56

Health: -8/26      AC:  8    Str: 18    XL:     3   Next: 90%
Magic:  3/3        EV:  9    Int: 11    God:
Gold:   92         SH:  0    Dex: 13    Spells: 2/2 levels left

rFire    + . .     SeeInvis .   a - +0 long sword
rCold    + . .     Gourm    .   c - +0 shield
rNeg     . . .     Faith    .   g - +0 scale mail
rPois    +         Spirit   .   (no helmet)
rElec    +         Reflect  .   n - +0 cloak
rCorr    +         Harm     .   (no gloves)
MR       .....                  (no boots)
Stlth    ..........             (no amulet)
HPRegen  0.08/turn              (no ring)
MPRegen  0.08/turn              (no ring)

@: confused, brilliant, resistant (expiring), berserk cooldown, flying
A: small, mutation resistance 1
a: no special abilities


You were on level 2 of the Dungeon.
You were not hungry.

You visited 1 branch of the dungeon, and saw 2 of its levels.

You collected 92 gold pieces.

Inventory:

Hand Weapons
 a - a +0 long sword (weapon)
 b - a +0 dagger of pain
Missiles
 o - 5 needles of confusion
 q - 36 stones (quivered)
 y - 2 curare-tipped needles
Armour
 c - a +0 shield (worn)
 g - a +0 scale mail (worn)
 n - a +0 cloak (worn)
Jewellery
 r - a cursed amulet of inaccuracy {unknown}
Scrolls
 e - 3 scrolls of identify {unknown}
 h - a scroll of enchant armour {unknown}
 s - a scroll of fog {unknown}
 t - a scroll of remove curse {unknown}
 u - 3 scrolls of enchant weapon {unknown}
 w - a scroll of teleportation {unknown}
Potions
 d - a potion of might
 l - a potion of heal wounds
 m - a potion of berserk rage
Comestibles
 f - 4 rations
 v - 2 chunks of flesh


   Skills:
 + Level 3.1 Fighting
 * Level 3.1 Long Blades
 - Level 3.2 Armour
 + Level 1.4 Dodging
 - Level 3.2 Shields


You had 2 spell levels left.
You didn't know any spells.

Dungeon Overview and Level Annotations

Branches:
Dungeon (2/15)

Altars:

Annotations:
D:2 Sigmund


Innate Abilities, Weirdness & Mutations

You are small and have problems with some larger weapons.
You are somewhat resistant to further mutation.


Message History

Something hits you but does no damage.
You bump into the rock wall.
Something hits you but does no damage.
You bump into the rock wall.
Something hits you.
* * * LOW HITPOINT WARNING * * *
You're too confused to move!
You feel less confused.
You hear some strange, mumbled words.
You are confused.
You hear some strange, mumbled words.
You are more confused.
You're too confused to move!
You start to feel less resistant.
A magic dart appears from out of thin air!
The magic dart hits you!
* * * LOW HITPOINT WARNING * * *
Something hits you.
* * * LOW HITPOINT WARNING * * *
You feel yourself speed up. Something hits you!
You die...

# #..............# #
#.....#........#
#.....#........#
#.....#........#
#.....#........#######
####.....#?#.##..........
.........#.#.##.#.#......
## #..............#......
.# #............@........
.###...#.....#...........
.......###.#.##..........
..##.............<$......
#.##...###.#.##....#####.
.......###.#.##....#
.....................
.......... ..........#
......####.###.#.......


There were no monsters in sight!

Vanquished Creatures
  An adder (D:2)
  A leopard gecko (D:1)
  2 ball pythons
  7 bats
  A giant cockroach (D:2)
  3 goblins (D:1)
  5 hobgoblins (D:1)
  4 jackals (D:2)
  2 frilled lizards
  2 kobolds (D:1)
  3 rats
31 creatures vanquished.

Notes
Turn   | Place    | Note
-------+----------+-------------------------------------------
     0 | D:1      | sankara the Halfling Fighter began the quest for the Orb.
     0 | D:1      | Reached XP level 1. HP: 15/15 MP: 1/1
    63 | D:1      | Reached XP level 2. HP: 19/20 MP: 2/2
   443 | D:1      | Reached skill level 1 in Dodging
   478 | D:1      | Reached XP level 3. HP: 25/25 MP: 3/3
  1119 | D:2      | Noticed Sigmund
  1159 | D:2      | HP: 1/26 [something (4)]
  1160 | D:2      | Mangled by Sigmund

Skill      XL: |  1  2  3 |
---------------+----------+-----
Dodging        | 1 |  1.4
Fighting       | 3 |  3.1
Long Blades    | 3 |  3.1
Armour         | |  3.2
Shields        | |  3.2

Action                   || total
-------------------------++-------
Melee: Long sword        ||   111
  Use: Potion            ||     7
  Eat: Chunk             ||     1
Armor: Scale mail        ||    86
Dodge: Dodged            ||    49
Block: Shield            ||    71
       Rpst.: Long sword ||     8
